 Dungeon Crawl Stone Soup version 0.31-a0-263-ge8cad7f256 (webtiles) character file.

Game seed: 14268925700362126591

8 Vomitron the Changeling (level 2, -1/13 HPs)
             Began as a Felid Shapeshifter on July 13, 2023.
             Slain by a jackal (3 damage)
             ... on level 1 of the Dungeon.
             The game lasted 00:00:59 (209 turns).

Vomitron the Changeling (Felid Shapeshifter)         Turns: 209, Time: 00:00:59

Health: -1/13      AC:  1    Str: 11    XL:     2   Next: 0%
Magic:  3/3        EV: 17    Int:  9    God:
Gold:   0          SH:  0    Dex: 16    Spells: 1/1 levels left
                                        Lives:  0   Deaths: 0

rFire   . .          .
                       - Unarmed
rCold   . . .        (shield unavailable)
rNeg    . . .        (body armour unavailable)
rPois   .            (helmet unavailable)
rElec   .            (cloak unavailable)
rCorr   .            (gloves unavailable)
SInv    +            (boots unavailable)
Will    .....        (no amulet)
Stlth   ++           (no ring)
HPRegen 0.22/turn    (no ring)
MPRegen 0.08/turn

%: no passive effects
@: beast-form, quick
A: beast (slay +2), very small, claws 1, fangs 3, see invisible, speed 1, shaggy
fur 1, stealthy paws, no weapons or thrown items, no armour, multi-lived
a: Begin Untransformation


You were on level 1 of the Dungeon.
You were a hulking beast.
You visited 1 branch of the dungeon, and saw 1 of its levels.

Inventory:

Talismans
 b - a beast talisman
Potions
 a - a potion of lignification


   Skills:
 - Level 2.0 Fighting
 + Level 2.9 Dodging
 + Level 1.0 Stealth
 + Level 2.1 Unarmed Combat
 * Level 3.4 Shapeshifting


You had one spell level left.
You didn't know any spells.
Your spell library was empty.

Dungeon Overview and Level Annotations

Branches:
Dungeon (1/15)

Altars:


Innate Abilities, Weirdness & Mutations

You are a hulking beast.
Your limbs bulge with bestial killing power. (Slay +2)
You have sharp claws.
You have razor-sharp teeth.
You have supernaturally acute eyesight. (SInv)
You cover ground quickly. (Speed+)
You are covered in fur. (AC +1)
Your paws help you pounce on unaware monsters.
You are incapable of wielding weapons or throwing items.
You cannot wear armour.
You gain extra lives every three experience levels.


Message History

The jackal barely misses you.
You barely miss the jackal.
The jackal is severely wounded.
The jackal completely misses you. The jackal attacks as you move away!
The jackal completely misses you. The jackal attacks as you move away!
The jackal misses you.
You scratch the jackal but do no damage.
Your bite misses the jackal.
The jackal is severely wounded.
You scratch the jackal.
The jackal is almost dead.
You closely miss the jackal.
The jackal is almost dead.
The jackal closely misses you. x2; The jackal bites you. x2
The jackal attacks as you move away! The jackal closely misses you.
There is an open door here.
You closely miss the jackal.
The jackal is almost dead.
The jackal barks!
The jackal bites you. The jackal completely misses you.
You scratch the fungus.
The fungus begins to die.
The fungus is lightly damaged.
The jackal bites you.
* * * LOW HITPOINT WARNING * * *
The jackal closely misses you. The jackal completely misses you.
The jackal attacks as you move away! The jackal closely misses you.
You scratch the jackal.
You kill the jackal!
You barely miss the jackal. The jackal bites you.
* * * LOW HITPOINT WARNING * * *
The jackal barely misses you.
You claw the jackal!
You kill the jackal!
A nearby fungus withers and dies.
The jackal closely misses you.
Your Stealth skill increases to level 1!
You have reached level 2!
You closely miss the jackal. Your bite misses the jackal.
The jackal bites you but does no damage.
The jackal bites you.
You die...

#..†...'.P#
#P.#.#.#..#
####.#.####
#..#...#..# #..
h#(.'...'..# ..#.
#.#..#...#.P# .#.|##
##.####...####
K.....##..#.h#...#..#
..........#.h†...'..#
..........#..#...#..#
..........#####†#####
...........h....#
...............##
...............#
...............#
..............##
#..).........##


You could see a jackal.

Vanquished Creatures
  A dart slug (D:1)
  A giant cockroach (D:1)
  2 jackals (D:1)
  2 ball pythons (D:1)
6 creatures vanquished.

Notes
Turn   | Place    | Note
-------+----------+-------------------------------------------
     0 | D:1      | Vomitron the Felid Shapeshifter began the quest for the
                  | Orb.
     0 | D:1      | Reached XP level 1. HP: 9/9 MP: 2/2
   209 | D:1      | Reached skill level 1 in Stealth
   209 | D:1      | Reached XP level 2. HP: 2/13 MP: 3/3
   209 | D:1      | Slain by a jackal

Illustrated notes

Levels and vault maps discovered:
D:1:      dpeg_arrival_prison, layout_rooms, minmay_misc_feat_plants,
          minmay_shallow_snake_nest

Skill      XL: |  1 |
---------------+----+-----
Stealth        | 1 |  1.0
Fighting       | |  2.0
Dodging        | |  2.9
Unarmed Combat | |  2.1
Shapeshifting  | |  3.4

Action                     || total
---------------------------++-------
  Melee: Unarmed           ||    23
         Punch             ||     1
         Bite              ||     1
 Armour: Skin              ||     1
  Dodge: Dodged            ||    23
         Form:             ||     1
         Beast             ||     1

Table legend: (Time is in decaauts)
 A = Elapsed time spent in this place.
 B = Non-inter-level travel time spent in this place.
 C = Inter-level travel time spent in this place.
 D = Time resting spent in this place.
 E = Time spent auto-exploring this place.
 F = Levels seen in this place.
 G = Mean time per level.
                   A        B        C        D        E       F      G
               +--------+--------+--------+--------+--------+-----+--------+
         Total |    194 |    194 |      0 |    100 |     11 |   1 |  194.0 |
       Dungeon |    194 |    194 |      0 |    100 |     11 |   1 |  194.0 |
               +--------+--------+--------+--------+--------+-----+--------+

Top non-repeatable levels by time:
     D:1: 194 daAuts
